 Dungeon Crawl Stone Soup version 0.28.0-53-g5a82cb258f (webtiles) character file.

Game seed: 14305592208492177468

39 MisterFreud the Covert (level 3, -4/35 HPs)
             Began as a Gnoll Delver on Aug 4, 2022.
             Slain by a killer bee zombie (6 damage)
             ... on level 6 of the Dungeon.
             The game lasted 00:00:29 (159 turns).

MisterFreud the Covert (Gnoll Delver)                Turns: 159, Time: 00:00:30

Health: -4/35      AC:  3    Str: 11    XL:     3   Next: 45%
Magic:  3/4        EV: 13    Int: 11    God:
Gold:   0          SH:  0    Dex: 13    Spells: 3/3 levels left

rFire   . . .      SeeInvis .   a - +0 short sword
rCold   . . .      Faith    .   (no shield)
rNeg    . . .      Spirit   .   b - +0 leather armour
rPois   .          Reflect  .   (no helmet)
rElec   .          Harm     .   (no cloak)
rCorr   .          Rampage  .   (no gloves)
Will    .....                   (no boots)
Stlth   ++++......              (no amulet)
HPRegen 0.11/turn               (no ring)
MPRegen 0.09/turn               (no ring)

@: hasted, very quick
A: fangs 1, strong nose, distributed training
a: no special abilities


You were on level 6 of the Dungeon.
You visited 1 branch of the dungeon, and saw 2 of its levels.

Inventory:

Hand Weapons
 a - a +0 short sword (weapon)
Armour
 b - a +0 leather armour (worn)
Wands
 g - a wand of digging (3)
Scrolls
 c - a scroll of fog
 d - a scroll of magic mapping
 e - a scroll of fear


   Skills:
 + Level 6.5 Fighting
 + Level 4.5 Short Blades
 + Level 0.8 Long Blades
 + Level 0.8 Axes
 + Level 0.8 Maces & Flails
 + Level 0.8 Polearms
 + Level 0.8 Staves
 + Level 0.8 Slings
 + Level 0.8 Bows
 + Level 0.8 Crossbows
 + Level 0.8 Throwing
 + Level 0.8 Armour
 + Level 4.5 Dodging
 + Level 9.6 Stealth
 + Level 0.8 Shields
 + Level 0.8 Unarmed Combat
 + Level 0.8 Spellcasting
 + Level 0.5 Conjurations
 + Level 0.5 Hexes
 + Level 0.5 Summonings
 + Level 0.5 Necromancy
 + Level 0.5 Translocations
 + Level 0.5 Transmutations
 + Level 0.5 Fire Magic
 + Level 0.5 Ice Magic
 + Level 0.5 Air Magic
 + Level 0.5 Earth Magic
 + Level 0.5 Poison Magic
 + Level 1.0 Invocations
 + Level 0.8 Evocations


You had 3 spell levels left.
You didn't know any spells.
Your spell library was empty.

Dungeon Overview and Level Annotations

Branches:
Dungeon (6/15)
 Temple: D:4-7

Altars:


Innate Abilities, Weirdness & Mutations

You have very sharp teeth.
Your uncanny sense of smell can sniff out nearby items.
Your experience applies equally to all skills.


Message History

You barely miss the killer bee zombie. The killer bee zombie misses you.
The killer bee zombie hits you.
You barely miss the killer bee zombie.
You bite the killer bee zombie, but do no damage.
The killer bee zombie hits you! The killer bee zombie hits you.
You hit the killer bee zombie but do no damage.
The killer bee zombie hits you.
You miss the killer bee zombie.
The killer bee zombie barely misses you.
The killer bee zombie misses you.
You miss the killer bee zombie.
The killer bee zombie barely misses you.
You hit the killer bee zombie.
The killer bee zombie is lightly damaged.
The killer bee zombie closely misses you. x2
You barely miss the killer bee zombie.
The killer bee zombie is lightly damaged.
The killer bee zombie barely misses you.
You hit the killer bee zombie but do no damage.
You bite the killer bee zombie.
The killer bee zombie is moderately damaged.
The killer bee zombie hits you!
* * * LOW HITPOINT WARNING * * *
The killer bee zombie closely misses you.
Okay, then.
Unknown command.
You feel yourself speed up. The killer bee zombie hits you.
* * * LOW HITPOINT WARNING * * *
The killer bee zombie hits you but does no damage.
Unknown command.
The killer bee zombie closely misses you.
There is an open door here.
You barely miss the killer bee zombie. You punch the killer bee zombie.
The killer bee zombie is moderately damaged.
The killer bee zombie hits you.
* * * LOW HITPOINT WARNING * * *
You hit the killer bee zombie.
The killer bee zombie is heavily damaged.
The killer bee zombie hits you.
You die...

+..........#
#..........#
#..........#
#.(........#
#..........#
#..........#
∆#..........#
#####Z######
##@# #<.# ∆
#..# #..#
#..# #..#
.... ∆ ....
#.###


You could see a killer bee zombie.

Vanquished Creatures
  A hound (D:6)
  An adder (D:6)
2 creatures vanquished.

Notes
Turn   | Place    | Note
-------+----------+-------------------------------------------
     0 | D:5      | Reached skill level 9 in Stealth
     0 | D:5      | MisterFreud the Gnoll Delver began the quest for the Orb.
     0 | D:5      | Reached XP level 1. HP: 23/23 MP: 1/1
    20 | D:6      | Reached XP level 2. HP: 19/29 MP: 2/2
   135 | D:6      | Reached skill level 1 in Invocations
   135 | D:6      | Reached XP level 3. HP: 35/35 MP: 2/4
   159 | D:6      | Slain by a killer bee zombie

Illustrated notes

Levels and vault maps discovered:
D:5:      layout_cave_pools, enter_ossuary_1, st_stairs_1, uniq_sigmund
D:6:      kennysheep_housing_project, layout_basic, biasface_ghost_orc_armoury,
          minmay_fractal_squares_diagonal_5

Skill      XL: |  1  2 |
---------------+-------+-----
Stealth        | |  9.6
Invocations    | 1 |  1.0
Fighting       | |  6.5
Short Blades   | |  4.5
Long Blades    | |  0.8
Axes           | |  0.8
Maces & Flails | |  0.8
Polearms       | |  0.8
Staves         | |  0.8
Slings         | |  0.8
Bows           | |  0.8
Crossbows      | |  0.8
Throwing       | |  0.8
Armour         | |  0.8
Dodging        | |  4.5
Shields        | |  0.8
Unarmed Combat | |  0.8
Spellcasting   | |  0.8
Conjurations   | |  0.5
Hexes          | |  0.5
Summonings     | |  0.5
Necromancy     | |  0.5
Translocations | |  0.5
Transmutations | |  0.5
Fire Magic     | |  0.5
Ice Magic      | |  0.5
Air Magic      | |  0.5
Earth Magic    | |  0.5
Poison Magic   | |  0.5
Evocations     | |  0.8

Action                   || total
-------------------------++-------
Melee: Short sword       ||    19
       Bite              ||     2
       Punch             ||     1
  Use: Potion            ||     1
 Stab: Sleeping          ||     1
Armor: Leather armour    ||     5
Dodge: Dodged            ||    14
